PL
NEW AMSTERDAM REPUBLICS @ BROOKLYN DODGERS
05/24/2021
 
TOP OF THE 1ST
New Amsterdam Republics batting - Pitching for Brooklyn Dodgers : RHP John Kaufman
Pitching: RHP John Kaufman
Batting: RHB Ed Anderson 0-0: Called Strike
0-1: Foul Ball, location: 2F
0-2: Ball
1-2: Strikes out looking
Batting: RHB Takeru Sanu 0-0: Ball
1-0: Fly out, F4 (Popup, 4M)
Batting: RHB Júlio Maldonado 0-0: Ball
1-0: Called Strike
1-1: Swinging Strike
1-2: Strikes out swinging
Top of the 1st over - 0 run(s), 0 hit(s), 0 error(s), 0 left on base; New Amsterdam 0 - Brooklyn 0
BOTTOM OF THE 1ST
Brooklyn Dodgers batting - Pitching for New Amsterdam Republics : RHP Pedro Castro
Pitching: RHP Pedro Castro
Batting: LHB Chris Gregory 0-0: Called Strike
0-1: Swinging Strike
0-2: Ball
1-2: Foul Ball, location: 2F
1-2: Strikes out looking
Batting: LHB Rubén López 0-0: Fly out, F4 (Popup, 34D)
Batting: RHB Thom Wilcox 0-0: Called Strike
0-1: Ball
1-1: Foul Ball, location: 2F
1-2: Ball
2-2: Ball
3-2: Foul Ball, location: 2F
3-2: Base on Balls
Batting: LHB Ray Sears 0-0: Called Strike
0-1: Called Strike
0-2: Ground out 4-3 (Groundball, 4)
Bottom of the 1st over - 0 run(s), 0 hit(s), 0 error(s), 1 left on base; New Amsterdam 0 - Brooklyn 0
TOP OF THE 2ND
New Amsterdam Republics batting - Pitching for Brooklyn Dodgers : RHP John Kaufman
Batting: RHB Carlos Ortega 0-0: Ball
1-0: Called Strike
1-1: Foul Ball, location: 2F
1-2: Ball
2-2: Ball
3-2: Strikes out swinging
Batting: LHB Steve Ingram 0-0: Ball
1-0: Swinging Strike
1-1: Ball
2-1: Fly out, F7 (Flyball, 78M)
Batting: RHB Bryan Manning 0-0: Hit by Pitch
Batting: RHB Hank Wilder 0-0: Ball
1-0: Called Strike
1-1: Ball
2-1: Swinging Strike
2-2: Foul Ball, location: 2F
2-2: SINGLE (Line Drive, 78S)
Bryan Manning to second
Batting: RHB Júlio Gruzmán 0-0: Ball
1-0: Ball
2-0: Foul Ball, location: 2F
2-1: Ball
3-1: Base on Balls
Bryan Manning to third
Hank Wilder to second
Batting: RHB Mal Bussard 0-0: Called Strike
0-1: Called Strike
0-2: Foul Ball, location: 2F
0-2: Strikes out looking
Top of the 2nd over - 0 run(s), 1 hit(s), 0 error(s), 3 left on base; New Amsterdam 0 - Brooklyn 0
BOTTOM OF THE 2ND
Brooklyn Dodgers batting - Pitching for New Amsterdam Republics : RHP Pedro Castro
Batting: LHB Tony Dyer 0-0: Called Strike
0-1: Ball
1-1: Ball
2-1: Ball
3-1: Swinging Strike
3-2: Foul Ball, location: 2F
3-2: SINGLE (Groundball, 34D)
Batting: LHB Ron Bascombe 0-0: Called Strike
0-1: Swinging Strike
0-2: SINGLE (Line Drive, 4M)
Tony Dyer to second
Runner from 2nd tries for 3rd, SAFE, throw made to third
Batting: LHB Ye Der 0-0: Called Strike
0-1: Ball
1-1: Called Strike
1-2: Foul Ball, location: 2F
1-2: Strikes out swinging
Batting: RHB Sean Davis 0-0: Ball
1-0: Ball
2-0: Fielders Choice at 2nd, 2-6 (Groundball, 2L)
Batting: RHB Patrick Clark 0-0: Ball
1-0: Foul Ball, location: 2F
1-1: Foul Ball, location: 2F
1-2: Ball
2-2: Foul Ball, location: 2F
2-2: Foul Ball, location: 2F
2-2: Foul Ball, location: 2F
2-2: Strikes out swinging
Bottom of the 2nd over - 0 run(s), 2 hit(s), 0 error(s), 2 left on base; New Amsterdam 0 - Brooklyn 0
TOP OF THE 3RD
New Amsterdam Republics batting - Pitching for Brooklyn Dodgers : RHP John Kaufman
Batting: RHB Ed Anderson 0-0: Fly out, F4 (Popup, 4MD)
Batting: RHB Takeru Sanu 0-0: Ball
1-0: Called Strike
1-1: Ball
2-1: Ball
3-1: Foul Ball, location: 2F
3-2: Foul Ball, location: 2F
3-2: Foul Ball, location: 2F
3-2: Ground out 5-3 (Groundball, 56)
Batting: RHB Júlio Maldonado 0-0: Called Strike
0-1: Ball
1-1: Ball
2-1: Ball
3-1: Foul Ball, location: 2F
3-2: DOUBLE (Flyball, 8LXD)
Batting: RHB Carlos Ortega 0-0: Ball
1-0: Ball
2-0: Ball
3-0: Base on Balls
Batting: LHB Steve Ingram 0-0: Called Strike
0-1: Fly out, F7 (Flyball, 78S)
Top of the 3rd over - 0 run(s), 1 hit(s), 0 error(s), 2 left on base; New Amsterdam 0 - Brooklyn 0
BOTTOM OF THE 3RD
Brooklyn Dodgers batting - Pitching for New Amsterdam Republics : RHP Pedro Castro
Batting: LHB Chris Gregory 0-0: Foul Ball, location: 2F
0-1: Ball
1-1: Swinging Strike
1-2: Ball
2-2: Ball
3-2: Foul Ball, location: 2F
3-2: Foul Ball, location: 2F
3-2: Strikes out swinging
Batting: LHB Rubén López 0-0: Ball
1-0: Ground out 4-3 (Groundball, 4)
Batting: RHB Thom Wilcox 0-0: Foul Ball, location: 2F
0-1: Foul Ball, location: 2F
0-2: Ground out 5-3 (Groundball, 56S)
Bottom of the 3rd over - 0 run(s), 0 hit(s), 0 error(s), 0 left on base; New Amsterdam 0 - Brooklyn 0
TOP OF THE 4TH
New Amsterdam Republics batting - Pitching for Brooklyn Dodgers : RHP John Kaufman
Batting: RHB Bryan Manning 0-0: Ball
1-0: Foul Ball, location: 2F
1-1: Ball
2-1: Swinging Strike
2-2: Foul Ball, location: 2F
2-2: Ball
3-2: Fly out, F7 (Flyball, 78M)
Batting: RHB Hank Wilder 0-0: Swinging Strike
0-1: Ball
1-1: Ground out 5-3 (Groundball, 56)
Batting: RHB Júlio Gruzmán 0-0: Ball
1-0: Ball
2-0: Called Strike
2-1: Called Strike
2-2: Foul Ball, location: 2F
2-2: Foul Ball, location: 2F
2-2: Foul Ball, location: 2F
2-2: Foul Ball, location: 2F
2-2: Ball
3-2: Ground out 6-3 (Groundball, 6)
Top of the 4th over - 0 run(s), 0 hit(s), 0 error(s), 0 left on base; New Amsterdam 0 - Brooklyn 0
BOTTOM OF THE 4TH
Brooklyn Dodgers batting - Pitching for New Amsterdam Republics : RHP Pedro Castro
Batting: LHB Ray Sears 0-0: Called Strike
0-1: Foul Ball, location: 2F
0-2: Ball
1-2: Strikes out looking
Batting: LHB Tony Dyer 0-0: Called Strike
0-1: Foul Ball, location: 2F
0-2: Ball
1-2: Ground out 6-3 (Groundball, 6M)
Batting: LHB Ron Bascombe 0-0: Ball
1-0: Foul Ball, location: 2F
1-1: Fly out, F8 (Flyball, 8RM)
Bottom of the 4th over - 0 run(s), 0 hit(s), 0 error(s), 0 left on base; New Amsterdam 0 - Brooklyn 0
TOP OF THE 5TH
New Amsterdam Republics batting - Pitching for Brooklyn Dodgers : RHP John Kaufman
Batting: RHB Mal Bussard 0-0: Called Strike
0-1: Called Strike
0-2: Ball
1-2: Ground out 1-3 (Groundball, 23)
Batting: RHB Ed Anderson 0-0: Ball
1-0: Called Strike
1-1: Called Strike
1-2: Strikes out swinging
Batting: RHB Takeru Sanu 0-0: Called Strike
0-1: Ball
1-1: Ball
2-1: Foul Ball, location: 2F
2-2: Fly out, F3 (Popup, 34)
Top of the 5th over - 0 run(s), 0 hit(s), 0 error(s), 0 left on base; New Amsterdam 0 - Brooklyn 0
BOTTOM OF THE 5TH
Brooklyn Dodgers batting - Pitching for New Amsterdam Republics : RHP Pedro Castro
Batting: LHB Ye Der 0-0: SINGLE (Groundball, 4M)
Batting: RHB Sean Davis 0-0: Sac Bunt - play at second, runner OUT! 5-6
Batting: RHB Patrick Clark 0-0: Ball
1-0: Ball
2-0: Swinging Strike
2-1: Swinging Strike
2-2: Ball
3-2: Strikes out swinging
Batting: LHB Chris Gregory 0-0: Foul Ball, location: 2F
0-1: Foul Ball, location: 2F
0-2: Ball
1-2: Ball
2-2: Strikes out swinging
Bottom of the 5th over - 0 run(s), 1 hit(s), 0 error(s), 1 left on base; New Amsterdam 0 - Brooklyn 0
TOP OF THE 6TH
New Amsterdam Republics batting - Pitching for Brooklyn Dodgers : RHP John Kaufman
Batting: RHB Júlio Maldonado 0-0: Foul Ball, location: 2F
0-1: Called Strike
0-2: Ball
1-2: Strikes out swinging
Batting: RHB Carlos Ortega 0-0: Ball
1-0: Called Strike
1-1: Ball
2-1: Ball
3-1: Fly out, F9 (Flyball, 9M)
Batting: LHB Steve Ingram 0-0: Ball
1-0: SOLO HOME RUN (Flyball, 89XD), Distance : 431 ft
Batting: RHB Bryan Manning 0-0: Called Strike
0-1: Ground out 1-3 (Groundball, 23)
Top of the 6th over - 1 run(s), 1 hit(s), 0 error(s), 0 left on base; New Amsterdam 1 - Brooklyn 0
BOTTOM OF THE 6TH
Brooklyn Dodgers batting - Pitching for New Amsterdam Republics : RHP Pedro Castro
Batting: LHB Rubén López 0-0: Fly out, F5 (Popup, 5F)
Batting: RHB Thom Wilcox 0-0: Foul Ball, location: 2F
0-1: Ball
1-1: Foul Ball, location: 2F
1-2: Ball
2-2: Foul Ball, location: 2F
2-2: Ball
3-2: DOUBLE (Line Drive, 8LXD)
Batting: LHB Ray Sears 0-0: Ball
1-0: Foul Ball, location: 2F
1-1: Ball
2-1: Swinging Strike
2-2: Strikes out looking
Batting: LHB Tony Dyer 0-0: Ball
1-0: Ball
2-0: Foul Ball, location: 2F
2-1: Swinging Strike
2-2: Foul Ball, location: 2F
2-2: Ball
3-2: Foul Ball, location: 2F
3-2: Base on Balls
Batting: LHB Ron Bascombe 0-0: Swinging Strike
0-1: Ball
1-1: Called Strike
1-2: Ball
2-2: Strikes out swinging
Bottom of the 6th over - 0 run(s), 1 hit(s), 0 error(s), 2 left on base; New Amsterdam 1 - Brooklyn 0
TOP OF THE 7TH
New Amsterdam Republics batting - Pitching for Brooklyn Dodgers : RHP John Kaufman
Batting: RHB Hank Wilder 0-0: Swinging Strike
0-1: Ball
1-1: Called Strike
1-2: Ball
2-2: Strikes out swinging
Batting: RHB Júlio Gruzmán 0-0: Ball
1-0: Foul Ball, location: 2F
1-1: Ball
2-1: Ball
3-1: SINGLE (Line Drive, 78S)
Batting: RHB Mal Bussard 0-0: Ground out 5-3 (Groundball, 56S)
Júlio Gruzmán to second
Batting: RHB Ed Anderson 0-0: Called Strike
0-1: Ball
1-1: Ball
2-1: Ball
3-1: Base on Balls
Pinch Runner at 2nd Doug Reed:
Batting: RHB Takeru Sanu 0-0: Ball
1-0: Called Strike
1-1: Fielders Choice at 2nd, 6-4 (Groundball, 6)
Top of the 7th over - 0 run(s), 1 hit(s), 0 error(s), 1 left on base; New Amsterdam 1 - Brooklyn 0
BOTTOM OF THE 7TH
Brooklyn Dodgers batting - Pitching for New Amsterdam Republics : RHP Pedro Castro
Now in CF: Doug Reed
Batting: LHB Ye Der 0-0: Ball
1-0: Called Strike
1-1: Foul Ball, location: 2F
1-2: Ball
2-2: Ball
3-2: SINGLE (Flyball, 8LS)
Batting: RHB Sean Davis 0-0: Ball
1-0: Ball
2-0: Ball
3-0: Called Strike
3-1: Sac Bunt - play at first, batter OUT! U3
Ye Der to second
Pitching: LHP Michael Rondeau
Batting: RHB Patrick Clark 0-0: Foul Ball, location: 2F
0-1: Ball
1-1: Foul Ball, location: 2F
1-2: Fly out, F7 (Flyball, 7D)
Runner from 2nd tags up, SAFE at 3rd, no throw
Batting: LHB Chris Gregory 0-0: Ball
1-0: Called Strike
1-1: Ball
2-1: Foul Ball, location: 2F
2-2: Foul Ball, location: 2F
2-2: Foul Ball, location: 2F
2-2: Ball
3-2: Base on Balls
Batting: LHB Rubén López 0-0: Ball
Chris Gregory is caught stealing 2nd base
Bottom of the 7th over - 0 run(s), 1 hit(s), 0 error(s), 0 left on base; New Amsterdam 1 - Brooklyn 0
TOP OF THE 8TH
New Amsterdam Republics batting - Pitching for Brooklyn Dodgers : RHP John Kaufman
Pitching: RHP Ted Locke
Batting: RHB Júlio Maldonado 0-0: Ball
1-0: Fly out, F6 (Popup, 7LS)
Batting: RHB Carlos Ortega 0-0: Called Strike
0-1: Called Strike
0-2: Fly out, F6 (Line Drive, 6M)
Batting: LHB Steve Ingram 0-0: Foul Ball, location: 2F
0-1: SINGLE (Line Drive, 89S)
Batting: RHB Bryan Manning Pickoff Throw to First - Out!
Top of the 8th over - 0 run(s), 1 hit(s), 0 error(s), 0 left on base; New Amsterdam 1 - Brooklyn 0
BOTTOM OF THE 8TH
Brooklyn Dodgers batting - Pitching for New Amsterdam Republics : LHP Michael Rondeau
Batting: LHB Rubén López 0-0: Foul Ball, location: 2F
0-1: Foul Ball, location: 2F
0-2: Strikes out swinging
Pitching: RHP Decheng Sun
Batting: RHB Thom Wilcox 0-0: Ball
1-0: Swinging Strike
1-1: Foul Ball, location: 2F
1-2: SINGLE (Groundball, 56D)
Pitching: RHP Albert Emery
Batting: LHB Ray Sears 0-0: Called Strike
0-1: Foul Ball, location: 2F
0-2: Strikes out swinging
Batting: LHB Tony Dyer 0-0: Called Strike
0-1: Swinging Strike
0-2: Ground out U3 (Groundball, 3)
Bottom of the 8th over - 0 run(s), 1 hit(s), 0 error(s), 1 left on base; New Amsterdam 1 - Brooklyn 0
TOP OF THE 9TH
New Amsterdam Republics batting - Pitching for Brooklyn Dodgers : RHP Ted Locke
Pitching: RHP José Ramos
Batting: RHB Bryan Manning 0-0: Ball
1-0: Foul Ball, location: 2F
1-1: Foul Ball, location: 2F
1-2: Ball
2-2: Foul Ball, location: 2F
2-2: Foul Ball, location: 2F
2-2: Fly out, F8 (Flyball, 8LXD)
Batting: RHB Hank Wilder 0-0: Ball
1-0: SINGLE (Groundball, 56D)
Pinch Hitting: SHB Todd Hill 0-0: Called Strike
0-1: Ball
1-1: Called Strike
1-2: Foul Ball, location: 2F
1-2: Ball
2-2: Ball
3-2: Base on Balls
Hank Wilder to second
Batting: RHB Mal Bussard 0-0: Ball
1-0: Foul Ball, location: 2F
1-1: Ball
2-1: Foul Ball, location: 2F
2-2: Ball
3-2: Strikes out swinging
Batting: RHB Ed Anderson 0-0: Ball
1-0: Ground out 6-3 (Groundball, 6)
Top of the 9th over - 0 run(s), 1 hit(s), 0 error(s), 2 left on base; New Amsterdam 1 - Brooklyn 0
BOTTOM OF THE 9TH
Brooklyn Dodgers batting - Pitching for New Amsterdam Republics : RHP Albert Emery
Pitching: RHP Gavin Blackburn
Now in LF: Todd Hill
Batting: LHB Ron Bascombe 0-0: Ball
1-0: Ball
2-0: Called Strike
2-1: Called Strike
2-2: Ground out 4-3 (Groundball, 34)
Batting: LHB Ye Der 0-0: Fly out, F4 (Popup, 3L)
Batting: RHB Sean Davis 0-0: Ball
1-0: Ball
2-0: Ground out 1-3 (Groundball, 23)
Bottom of the 9th over - 0 run(s), 0 hit(s), 0 error(s), 0 left on base; New Amsterdam 1 - Brooklyn 0
This league is powered by Out of the Park Baseball, the baseball management simulation game for PC, Mac and Linux
Friday, January 22nd, 2016 - OOTP Baseball 16.9 Build 39